 Dungeon Crawl Stone Soup version 0.27.1-1-g398f81649c (webtiles) character file.

Game seed: 7732751196451863240

161 Elvor the Grasshopper (level 5, -1/44 HPs)
             Began as a Draconian Warper on Sept 8, 2021.
             Slain by a steam dragon (5 damage)
             ... on level 3 of the Dungeon.
             The game lasted 00:12:27 (1646 turns).

Elvor the Grasshopper (Draconian Warper)            Turns: 1646, Time: 00:12:27

Health: -1/44      AC:  7    Str: 14    XL:     5   Next: 18%
Magic:  8/8        EV: 12    Int: 14    God:
Gold:   79         SH:  0    Dex: 10    Spells: 6/8 levels left

rFire    . . .     SeeInvis .   a - +0 mace
rCold    . . .     Faith    .   (no shield)
rNeg     . . .     Spirit   .   (armour unavailable)
rPois    .         Reflect  .   (helmet restricted)
rElec    .         Harm     .   (no cloak)
rCorr    .         Rampage  .   i - +0 pair of gloves
Will     .....                  k - +0 pair of boots
Stlth    +.........             (no amulet)
HPRegen  0.14/turn              (no ring)
MPRegen  0.11/turn              (no ring)

@: no status effects
A: AC +5, unfitting armour, cold-blooded
a: no special abilities


You were on level 3 of the Dungeon.
You visited 1 branch of the dungeon, and saw 3 of its levels.

You collected 79 gold pieces.

Inventory:

Hand Weapons
 a - a +0 mace (weapon)
 q - a +0 hunting sling
Missiles
 c - 5 boomerangs of dispersal (quivered)
 d - 76 stones
 f - 48 bolts
Armour
 i - a +0 pair of gloves (worn)
 k - a +0 pair of boots (worn)
Scrolls
 b - 2 scrolls of blinking
 e - a scroll of enchant armour {unknown}
 p - a scroll of identify {unknown}
 r - a scroll of enchant weapon {unknown}
Potions
 g - 2 potions of curing {unknown}
 h - a potion of heal wounds {unknown}
 j - 2 potions of lignification {unknown}
 l - a potion of brilliance {unknown}
 m - a potion of mutation {unknown}
 n - a potion of magic {unknown}


   Skills:
 + Level 2.9 Fighting
 + Level 3.4 Maces & Flails
 + Level 1.2 Throwing
 + Level 3.4 Dodging
 + Level 2.2 Spellcasting
 + Level 3.4 Translocations


You had 6 spell levels left.
You knew the following spells:

 Your Spells              Type           Power      Damage    Failure   Level
a - Blink                 Tloc           N/A        N/A       9%          2

Your spell library contained the following spells:

 Spells                   Type           Power      Damage    Failure   Level
 Gell's Gravitas          Tloc           5%         N/A       17%         3
 Lesser Beckoning         Tloc           5%         N/A       17%         3
 Teleport Other           Tloc           11%        N/A       17%         3
 Manifold Assault         Tloc           11%        N/A       85%         5


Dungeon Overview and Level Annotations

Branches:
Dungeon (3/15)

Altars:

Shops:
D:1 (


Innate Abilities, Weirdness & Mutations

Your plain brown scales are hard. (AC +5)
You cannot fit into any form of body armour.
You are cold-blooded and may be slowed by cold attacks.


Message History

The poisoned dart barely misses the steam dragon.
The steam dragon looks more healthy.
Throw: 3 darts (poison)
Press: ? - help, Q - select action, (/) - cycle Shift-Dir - straight line, f/p - steam dragon
Aim: a steam dragon (heavily wounded, 56% to hit)
You throw a poisoned dart.
The poisoned dart hits the steam dragon.
The steam dragon is poisoned.
The steam dragon is heavily wounded.
A rat comes into view.
Throw: 2 darts (poison)
Press: ? - help, Q - select action, (/) - cycle Shift-Dir - straight line, f/p - steam dragon
Aim: a steam dragon (heavily wounded, poisoned, 56% to hit)
You throw a poisoned dart.
The poisoned dart hits the steam dragon.
The steam dragon looks even sicker.
The steam dragon is heavily wounded.
Found a club.
Throw: dart (poison)
Press: ? - help, Q - select action, (/) - cycle Shift-Dir - straight line, f/p - steam dragon
Aim: a steam dragon (heavily wounded, very poisoned, 56% to hit)
You throw a poisoned dart.
The poisoned dart barely misses the steam dragon.
You closely miss the steam dragon.
You tail-slap the steam dragon, but do no damage.
The steam dragon is heavily wounded.
The steam dragon barely misses you. The steam dragon closely misses you.
You hit the steam dragon but do no damage.
You tail-slap the steam dragon, but do no damage.
The steam dragon is severely wounded.
The steam dragon breathes steam at you. The ball of steam hits you!!
* * * LOW HITPOINT WARNING * * *
You hear an angry hiss.
You barely miss the steam dragon.
The steam dragon is severely wounded.
You are engulfed in a cloud of scalding steam.
The steam dragon barely misses you. The steam dragon closely misses you.
The steam dragon bites you.
You die...

########### #.........#####
#.........# #.##.###### #
#......##.# ####.##.## #
#.....[##.####(..(.(..# #
#.................##.§#########
#.....†##.####.##....(.§D§.(..#
#...<.†##.# #.#####r###.####D.
#.........# #D# #.# #.# ###
####..##### #@# #.# #.# # #..#
#§# #.# #.# # #..# #§§ ..# #.#
#..##### #... ..# #.# #......#
#...) ... #.# #.####.# ##....
#.# ..... ##.## ##.### ##...##


You could see a steam dragon (poisoned, catching breath).

Vanquished Creatures
  A scorpion (D:3)
  An iguana (D:3)
  2 adders (D:2)
  An adder skeleton (D:2)
  4 dart slugs (D:3)
  6 bats
  5 endoplasms
  A giant cockroach (D:1)
  A goblin (D:1)
  4 hobgoblins
  7 kobolds
  3 quokkas
  7 ball pythons
  3 frilled lizards
  2 rats (D:3)
48 creatures vanquished.

Notes
Turn   | Place    | Note
-------+----------+-------------------------------------------
     0 | D:1      | Elvor the Draconian Warper began the quest for the Orb.
     0 | D:1      | Reached XP level 1. HP: 17/17 MP: 3/3
   275 | D:1      | Reached XP level 2. HP: 25/25 MP: 5/5
   278 | D:1      | Learned a level 2 spell: Blink
   494 | D:1      | Found Rofres's Weapon Shoppe.
   694 | D:1      | Found a faded altar of an unknown god.
   972 | D:2      | Reached XP level 3. HP: 24/30 MP: 6/6
  1344 | D:3      | Reached XP level 4. HP: 37/37 MP: 7/7
  1452 | D:3      | Noticed a steam dragon
  1577 | D:3      | Reached skill level 1 in Throwing
  1601 | D:3      | Noticed a scorpion
  1609 | D:3      | Killed a scorpion
  1610 | D:3      | Reached XP level 5. HP: 30/44 MP: 8/8
  1646 | D:3      | Slain by a steam dragon

Illustrated notes

Levels and vault maps discovered:
D:1:      dpeg_arrival_refuge, layout_basic,
          hellmonk_ecumenical_altar_arch_garden, serial_shops,
          nicolae_square_shop
D:2:      layout_rooms, minmay_misc_feat_tiny
D:3:      kennysheep_slugbush, layout_loops_ring

Skill      XL: |  1  2  3  4 |
---------------+-------------+-----
Dodging        | 3 |  3.4
Throwing       | 1 |  1.2
Maces & Flails | 3 |  3.4
Fighting       | |  2.9
Spellcasting   | |  2.2
Translocations | |  3.4

Action                   |  1- 3 |  4- 6 || total
-------------------------+-------+-------++-------
Melee: Mace              |    99 |    48 ||   147
       Tailslap          |     7 |     4 ||    11
Throw: Dart              |     7 |    15 ||    22
 Stab: Sleeping          |       |     1 ||     1
Armor: Skin              |    50 |    19 ||    69
Dodge: Dodged            |    85 |    38 ||   123
